 Dungeon Sprint DCSS version 0.30-a0-534-gdc55766716 (webtiles) character file.

Game seed: 15496611270244133395

108 Darkkill the Skirmisher (level 7, -4/71 HPs)
             Began as a Minotaur Hunter on Dec 24, 2022.
             Was an Initiate of Gozag.
             Slain by the 27-headed Lernaean hydra (7 damage)
             ... in the Dungeon (Sprint VI: "Thunderdome").
             The game lasted 00:06:06 (772 turns).

Darkkill the Skirmisher (Minotaur Hunter)            Turns: 772, Time: 00:06:06

Health: -4/71      AC:  3    Str: 18    XL:     7   Next: 20%
Magic:  6/6        EV: 17    Int:  6    God:    Gozag
Gold:   170        SH:  5    Dex: 18    Spells: 6/6 levels left

rFire   . . .      SeeInvis .    n - +8 triple crossbow (flame)
rCold   . . .      Faith    .    (shield currently unavailable)
rNeg    . . .      Spirit   .    c - +0 leather armour
rPois   .          Reflect  +    (helmet restricted)
rElec   .          Harm     .    (no cloak)
rCorr   .          Rampage  .    (no gloves)
Will    .....      NoTele   +    (no boots)
Stlth   ++++                     p - amulet "Uxau" {Reflect Regen+ Str+2 Dex+3 SH+5}
HPRegen 1.11/turn                (no ring)
MPRegen 0.10/turn                (no ring)

@: no status effects
A: horns 2, retaliatory headbutt
a: Renounce Religion, Potion Petition, Call Merchant, Bribe Branch


You were in the Dungeon.
You worshipped Gozag.
Gozag was aware of your devotion.
You visited 1 branch You collected 1530 gold pieces.
You spent 1360 gold pieces at shops.

Inventory:

Hand Weapons
 n - a +8 triple crossbow of flaming (weapon)
Armour
 c - a +0 leather armour (worn)
Jewellery
 p - the amulet "Uxau" (around neck) {Reflect Regen+ Str+2 Dex+3 SH+5}
   (You bought it in a shop in the Dungeon)

   [amulet of reflection]

   It reflects blocked missile attacks.
   Str:       It affects your strength (+2).
   Dex:       It affects your dexterity (+3).
   Regen:     It increases your rate of health regeneration.
   SH:        It affects your SH (+5).
Wands
 k - a wand of light (5)
 l - a wand of iceblast (5)
Scrolls
 b - a scroll of immolation
 i - 4 scrolls of blinking
 m - 3 scrolls of fog
Potions
 d - a potion of curing {@q1}
 e - 4 potions of heal wounds
 f - 4 potions of haste
 g - 2 potions of magic
 h - a potion of berserk rage
 j - a potion of resistance


   Skills:
 + Level 9.7 Fighting
 + Level 9.7 Ranged Weapons
 + Level 8.9 Dodging
 + Level 7.1 Stealth


You had 6 spell levels left.
You didn't know any spells.
Your spell library was empty.

Dungeon Overview and Level Annotations

Branches:
Dungeon (1/1)

Altars:
Cheibriados
Dithmenos
Fedhas
Gozag
Kikubaaqudgha
Makhleb
Okawaru
Qazlal
Ru
Sif Muna
Trog
Uskayaw
Vehumet
Wu Jian
Xom
Yredelemnul
Zin
The Shining One
Lugonu

Shops:
D *[??*?*:[((!!!!

Annotations:
D Lernaean hydra


Innate Abilities, Weirdness & Mutations

You have a pair of horns on your head.
You reflexively headbutt those who attack you in melee.


Message History

You now have 740 gold pieces (gained 45).
You now have enough gold to fund merchants seeking to open stores in the dungeon.
You now have 820 gold pieces (gained 80).
You now have 865 gold pieces (gained 45).
Things that are here:
a +0 robe; a +0 great sword
There is an entrance to Maikkiwn's Magic Scroll Shop here.
You no longer have enough gold to petition Gozag for potion effects.
You no longer have enough gold to fund merchants seeking to open stores in the dungeon.
a - 8 scrolls of enchant weapon Thank you for shopping at Maikkiwn's Magic Scroll Shop!
As you read the scroll of enchant weapon, it crumbles to dust.
Your +0 triple crossbow of freezing glows red for a moment.
As you read the scroll of enchant weapon, it crumbles to dust.
Your +1 triple crossbow of freezing glows red for a moment.
As you read the scroll of enchant weapon, it crumbles to dust.
Your +2 triple crossbow of freezing glows red for a moment.
As you read the scroll of enchant weapon, it crumbles to dust.
Your +3 triple crossbow of freezing glows red for a moment.
As you read the scroll of enchant weapon, it crumbles to dust.
Your +4 triple crossbow of freezing glows red for a moment.
As you read the scroll of enchant weapon, it crumbles to dust.
Your +5 triple crossbow of freezing glows red for a moment.
As you read the scroll of enchant weapon, it crumbles to dust.
Your +6 triple crossbow of freezing glows red for a moment.
As you read the scroll of enchant weapon, it crumbles to dust.
Your +7 triple crossbow of freezing glows red for a moment.
There is an entrance to Syem's Magic Scroll Shop here.
a - a scroll of brand weapon Thank you for shopping at Syem's Magic Scroll Shop!
As you read the scroll of brand weapon, it crumbles to dust.
Your +8 triple crossbow of freezing is engulfed in flames!
n - a +8 triple crossbow of flaming (weapon)
There is an entrance to Leanivy's Must-Have Magic here.
There is an entrance to Yqamon's Staff Store here.
There is an ornate altar of the Wu Jian Council here.
There is a roughly hewn altar of Beogh here.
There is a shimmering blue altar of Sif Muna here.
There is a hide-covered altar of Uskayaw here.
There is a snail-covered altar of Cheibriados here.
There is an entrance to Rualuy's Distillery here.
There is an entrance to Rago Fash's Distillery here.
There is an entrance to Keranoz's Bottled Wisdom here.
Unknown command.
There is an entrance to Olampaef's Do-It-Yourself Clinic here.
Get ready!
There is an ancient bone altar of Kikubaaqudgha here.
There is an iron altar of Okawaru here.
ROUND 5!
BOSS ROUND!
You sense a tension in the north.
You see here a +0 shortbow.
There is an entrance to Coyluum's Basic Armour here.
There is an entrance to Johe Ryi's Miscellaneous Merchandise here.
There is an entrance to Zodoqa's Premium Goods here.
Done exploring.
Unknown command.
Unknown command.
Done exploring.
There is a blossoming altar of Fedhas here.
You start waiting.
The 27-headed Lernaean hydra comes into view.
You shoot a bolt.
The 27-headed Lernaean hydra roars deafeningly!
The bolt hits the 27-headed Lernaean hydra!!
The bolt burns the 27-headed Lernaean hydra.
The 27-headed Lernaean hydra is moderately wounded.
You shoot a bolt.
The bolt hits the 27-headed Lernaean hydra!
The bolt burns the 27-headed Lernaean hydra.
The 27-headed Lernaean hydra is moderately wounded.
You shoot a bolt.
The bolt hits the 27-headed Lernaean hydra!!
The bolt burns the 27-headed Lernaean hydra.
The 27-headed Lernaean hydra is moderately wounded.
You shoot a bolt.
The bolt hits the 27-headed Lernaean hydra!
The bolt burns the 27-headed Lernaean hydra.
The 27-headed Lernaean hydra is heavily wounded.
The 27-headed Lernaean hydra bites you!
The 27-headed Lernaean hydra closely misses you.
The 27-headed Lernaean hydra bites you.
The 27-headed Lernaean hydra misses you.
You block the 27-headed Lernaean hydra's attack.
The 27-headed Lernaean hydra bites you.
The 27-headed Lernaean hydra misses you.
The 27-headed Lernaean hydra bites you. x2
You block the 27-headed Lernaean hydra's attack.
The 27-headed Lernaean hydra misses you.
You block the 27-headed Lernaean hydra's attack.
The 27-headed Lernaean hydra bites you!
The 27-headed Lernaean hydra bites you but does no damage.
The 27-headed Lernaean hydra bites you. x2
The 27-headed Lernaean hydra completely misses you.
The 27-headed Lernaean hydra bites you!
* * * LOW HITPOINT WARNING * * *
The 27-headed Lernaean hydra bites you.
* * * LOW HITPOINT WARNING * * *
The 27-headed Lernaean hydra bites you!
You die...
Your body crumbles into a pile of gold.

##.............###............
#⌠..[.......###...###.........
#⌠..........# #.<.# #.........
#⌠..........###"..###.........
##.............###............
###∩........8.# #)8........∩#
##∩___......###......__.∩##
######.8.D.......8.######
#⌠..@...)....⌠#
###.........### #........_#
#........_# #_......._#
#∩......)∩# ##∩.....∩##
##.....## ##⌠⌠⌠##


You could see the 27-headed Lernaean hydra.

Vanquished Creatures
  A wolf (D)
  3 phantoms (D)
  A gnoll sergeant (D)
  A necrophage (D)
  A scorpion (D)
  A wight (D)
  A gnoll bouda (D)
  2 gnolls (D)
  3 worms (D)
  A bat zombie (D)
  7 giant cockroaches (D)
22 creatures vanquished.

Notes
Turn   | Place    | Note
-------+----------+-------------------------------------------
     0 | D        | Darkkill the Minotaur Hunter began the quest for the Orb.
     0 | D        | Reached XP level 1. HP: 18/18 MP: 0/0
     3 | D        | Found an iron altar of Okawaru.
     3 | D        | Found a sacrificial altar of Ru.
     4 | D        | Found an ancient bone altar of Kikubaaqudgha.
     4 | D        | Found a burning altar of Makhleb.
     5 | D        | Found a bloodstained altar of Trog.
     5 | D        | Found a blossoming altar of Fedhas.
     5 | D        | Round 1.
     6 | D        | Found Piduidos's Weapon Rack.
     6 | D        | Found Zodoqa's Premium Goods.
     8 | D        | Found Olampaef's Do-It-Yourself Clinic.
     9 | D        | Found a shimmering blue altar of Sif Muna.
     9 | D        | Found a hide-covered altar of Uskayaw.
     9 | D        | Found a snail-covered altar of Cheibriados.
     9 | D        | Found Rualuy's Distillery.
    10 | D        | Found Keranoz's Bottled Wisdom.
    10 | D        | Found Rago Fash's Distillery.
    15 | D        | Found an ornate altar of the Wu Jian Council.
    18 | D        | Found Yqamon's Staff Store.
    19 | D        | Found a glowing golden altar of the Shining One.
    19 | D        | Found an opulent altar of Gozag.
    19 | D        | Found a corrupted altar of Lugonu.
    19 | D        | Found Maikkiwn's Magic Scroll Shop.
    21 | D        | Found Leanivy's Must-Have Magic.
    21 | D        | Found Syem's Magic Scroll Shop.
    24 | D        | Found a shadowy altar of Dithmenos.
    25 | D        | Found a radiant altar of Vehumet.
    27 | D        | Found a basalt altar of Yredelemnul.
    32 | D        | Became a worshipper of Gozag Ym Sagoz the Greedy
    38 | D        | Reached skill level 1 in Stealth
    48 | D        | Found Iphut's Jewellery.
    48 | D        | Found Xonaleil's Advanced Armour.
    49 | D        | Found a glowing silver altar of Zin.
    49 | D        | Found a shimmering altar of Xom.
    49 | D        | Found a stormy altar of Qazlal.
    49 | D        | Found Zees's Identification Station.
    66 | D        | Found Johe Ryi's Miscellaneous Merchandise.
    66 | D        | Found Coyluum's Basic Armour.
   108 | D        | Noticed a scorpion
   109 | D        | Bought a +0 triple crossbow for 300 gold pieces
   115 | D        | Killed a scorpion
   116 | D        | Reached skill level 5 in Fighting
   116 | D        | Reached XP level 2. HP: 7/29 MP: 1/1
   116 | D        | Reached XP level 3. HP: 9/36 MP: 2/2
   168 | D        | Arena points: 6 (+6) [x1]
   183 | D        | Round 2.
   196 | D        | Bought a flickering silver amulet for 45 gold pieces
   196 | D        | Identified the amulet of the Ban {RegenMP Contam rPois
                  | Slay+2} (You bought it in a shop in the Dungeon)
   196 | D        | Bought a faintly glowing brass amulet for 45 gold pieces
   196 | D        | Identified the amulet "Geucopp" {Spirit Dex+5} (You bought
                  | it in a shop in the Dungeon)
   196 | D        | Bought a scintillating copper amulet for 45 gold pieces
   196 | D        | Identified the amulet "Uxau" {Reflect Regen+ Str+2 Dex+3
                  | SH+5} (You bought it in a shop in the Dungeon)
   196 | D        | Bought a clouded ivory amulet for 45 gold pieces
   196 | D        | Identified the amulet of Ruesaqog {Acrobat -Tele rF+++
                  | Will+ Str+2} (You bought it in a shop in the Dungeon)
   231 | D        | Reached XP level 4. HP: 42/42 MP: 3/3
   238 | D        | Bought a shimmering jade amulet for 45 gold pieces
   238 | D        | Identified the amulet "Weagukh" {Faith rPois Dex+9} (You
                  | bought it in a shop in the Dungeon)
   238 | D        | Bought a vibrating emerald amulet for 45 gold pieces
   238 | D        | Identified the amulet of Ataub {Spirit rC++ Dex+6} (You
                  | bought it in a shop in the Dungeon)
   334 | D        | Arena points: 34 (+28) [x2]
   362 | D        | Bought a scroll of brand weapon for 95 gold pieces
   363 | D        | Round 3.
   375 | D        | Noticed a wolf
   395 | D        | Killed a wolf
   396 | D        | Reached XP level 5. HP: 42/51 MP: 4/4
   433 | D        | Reached skill level 5 in Stealth
   491 | D        | Reached XP level 6. HP: 61/61 MP: 5/5
   540 | D        | Arena points: 52 (+18) [x1]
   555 | D        | Round 4.
   623 | D        | Reached XP level 7. HP: 70/70 MP: 6/6
   671 | D        | Arena points: 108 (+56) [x2]
   701 | D        | Bought 8 scrolls of enchant weapon for 600 gold pieces
   711 | D        | Bought a scroll of brand weapon for 95 gold pieces
   745 | D        | Round 5.
   768 | D        | Noticed the 27-headed Lernaean hydra
   772 | D        | HP: 9/71 [the 27-headed Lernaean hydra (14)]
   772 | D        | HP: 3/71 [the 27-headed Lernaean hydra (6)]
   772 | D        | Slain by the 27-headed Lernaean hydra

Illustrated notes

Levels and vault maps discovered:
D:        arena_sprint

Skill      XL: |  1  2  3  4  5  6  7 |
---------------+----------------------+-----
Fighting       | 5 6 7 9 |  9.7
Stealth        | 3 4 5 6 7 |  7.1
Dodging        | 4 6 7 8 |  8.9
Ranged Weapons | 6 7 8 9 |  9.7

Action                   |  1- 3 |  4- 6 |  7- 9 || total
-------------------------+-------+-------+-------++-------
 Fire: Shortbow          |    14 |       |       ||    14
       Triple crossbow   |    11 |    36 |     8 ||    55
  Use: Scroll            |       |     1 |     9 ||    10
Armor: Leather armour    |     4 |     4 |     1 ||     9
Dodge: Dodged            |     8 |    14 |     9 ||    31
Block: Other             |       |     2 |     4 ||     6

Table legend: (Time is in decaauts)
 A = Elapsed time spent in this place.
 B = Non-inter-level travel time spent in this place.
 C = Inter-level travel time spent in this place.
 D = Time resting spent in this place.
 E = Time spent auto-exploring this place.
 F = Levels seen in this place.
 G = Mean time per level.
                   A        B        C        D        E       F      G
               +--------+--------+--------+--------+--------+-----+--------+
         Total |    828 |    803 |     25 |     45 |     61 |   1 |  828.0 |
       Dungeon |    828 |    803 |     25 |     45 |     61 |   1 |  828.0 |
               +--------+--------+--------+--------+--------+-----+--------+

Top non-repeatable levels by time:
       D: 828 daAuts

Table legend:
 A = Kills in this place as a percentage of kills in entire the game.
 B = Kills by you in this place as a percentage of kills by you in the entire game.
 C = Kills by friends in this place as a percentage of kills by friends in the entire game.
 D = Other kills in this place as a percentage of other kills in the entire game.
 E = Experience gained in this place as a percentage of experience gained in the entire game.
 F = Experience gained in this place divided by the number of levels of this place that you have seen.
                   A       B       C       D       E      F
               +-------+-------+-------+-------+-------+----------------------
         Total | 100.0 | 100.0 |   N/A |   N/A | 100.0 | 873.0
       Dungeon | 100.0 | 100.0 |   N/A |   N/A | 100.0 | 873.0
               +-------+-------+-------+-------+-------+----------------------
